 Dungeon Crawl Stone Soup version 0.31-a0-986-g5e6e4ef867 (webtiles) character file.

Game seed: 11313402916579282971

249 jlumianski the Ruffian (level 6, -7/47 HPs)
             Began as a Gnoll Shapeshifter on Nov 19, 2023.
             Was a Follower of Lugonu.
             Mangled by Crazy Yiuf
             ... wielding a +4 quarterstaff of chaos
              (13 damage)
             ... on level 2 of the Dungeon.
             The game lasted 00:05:48 (956 turns).

jlumianski the Ruffian (Gnoll Shapeshifter)          Turns: 956, Time: 00:05:49

Health: -7/47      AC: 10    Str: 19    XL:     6   Next: 12%
Magic:  7/8        EV:  7    Int:  9    God:    Lugonu [*.....]
Gold:   38         SH:  0    Dex: 12    Spells: 8/8 levels left

rFire   . .          .
                       - Unarmed
rCold   . . .        (no shield)
rNeg    + . .        g - +0 plate armour
rPois   .            (helmet currently unavailable)
rElec   .            (cloak currently unavailable)
rCorr   .            (gloves currently unavailable)
SInv    .            (boots currently unavailable)
Will    .....        (no amulet) Stlth
                     p - ring "Odunn" {Fly rN+ Str+4}
HPRegen 0.27/turn    (no ring)
MPRegen 0.11/turn

%: no passive effects
@: beast-form, flying
A: beast (slay +3), fangs 1, strong nose, distributed training
a: Begin Untransformation, Renounce Religion, Depart the Abyss


You were on level 2 of the Dungeon.
You worshipped Lugonu.
Lugonu was aware of your devotion.
You were a hulking beast.
You visited 1 branch of the dungeon, and saw 2 of its levels.
You visited the Abyss 1 time.

You collected 38 gold pieces.

Inventory:

Hand Weapons
 b - a +0 heavy sling
Missiles
 i - 6 poisoned darts
Armour
 a - a +0 animal skin
 e - a +0 pair of boots
 g - a +0 plate armour (worn)
 m - a +1 robe of positive energy
Jewellery
 p - the ring "Odunn" (left hand) {Fly rN+ Str+4}
   (You found it on level 2 of the Dungeon)

   [ring of flight]

   Str+4:     It affects your strength (+4).
   rN+:       It protects you from negative energy.
   Fly:       It grants you flight.
Talismans
 c - a beast talisman
 d - a flux talisman
Scrolls
 f - a scroll of poison {unknown}
 h - a scroll of torment {unknown}
 j - a scroll of vulnerability {unknown}
 k - a scroll of noise {unknown}
 o - a scroll of amnesia {unknown}
Potions
 l - a potion of curing
 n - a potion of attraction {unknown}
 q - a potion of ambrosia {unknown}
 r - a potion of haste {unknown}


   Skills:
 + Level 3.2 Fighting
 + Level 1.8 Short Blades
 + Level 1.8 Long Blades
 + Level 1.8 Axes
 + Level 1.8 Maces & Flails
 + Level 1.8 Polearms
 + Level 1.8 Staves
 + Level 1.8 Ranged Weapons
 + Level 1.8 Throwing
 + Level 1.8 Armour
 + Level 4.9 Dodging
 + Level 1.8 Stealth
 + Level 1.8 Shields
 + Level 6.8 Unarmed Combat
 + Level 1.8 Spellcasting
 + Level 1.4 Conjurations
 + Level 1.4 Hexes
 + Level 1.4 Summonings
 + Level 1.4 Necromancy
 + Level 1.4 Translocations
 + Level 1.4 Transmutations
 + Level 1.4 Fire Magic
 + Level 1.4 Ice Magic
 + Level 1.4 Air Magic
 + Level 1.4 Earth Magic
 + Level 1.4 Poison Magic
 + Level 2.0 Invocations
 + Level 1.8 Evocations
 + Level 6.7 Shapeshifting


You had 8 spell levels left.
You didn't know any spells.
Your spell library contained the following spells:

 Spells                   Type           Power      Damage    Failure   Level
 Sting                    Tmut/Pois      12%        1d3       100%        1
 Summon Small Mammal      Summ           12%        N/A       100%        1
 Poisonous Vapours        Pois/Air       6%         N/A       100%        2
 Call Canine Familiar     Summ           3%         N/A       100%        3
 Summon Guardian Golem    Hex/Summ       3%         N/A       100%        3
 Olgreb's Toxic Radiance  Pois           3%         N/A       100%        4


Dungeon Overview and Level Annotations

Branches:
Dungeon (2/15)

Altars:
Elyvilon

Shops:
D:2 !

Annotations:
D:2 Crazy Yiuf


Innate Abilities, Weirdness & Mutations

You are a hulking beast.
Your limbs bulge with bestial killing power. (Slay +3)
You have very sharp teeth.
Your uncanny sense of smell can sniff out nearby items.
Your experience applies equally to all skills.


Message History

You reach down and close the door.
You start resting.
A spatial maelstrom bursts from nowhere.
A spatial maelstrom is nearby!
You punch the spatial maelstrom!
The spatial maelstrom is lightly damaged.
You barely miss the spatial maelstrom. You bite the spatial maelstrom.
The spatial maelstrom is lightly damaged.
The spatial maelstrom hits you but does no damage.
The spatial maelstrom hits you!
* * * LOW HITPOINT WARNING * * *
You are cast deeper into the Abyss!
You plunge deeper into the Abyss.
Found a corrupted altar of Lugonu.
There is a corrupted altar of Lugonu here.
You hover solemnly before the altar of Lugonu.
Lugonu welcomes you!
You can now depart the Abyss.
You can now banish your foes.
You pass through the gate.
Welcome back to the Dungeon!
Level annotation: Crazy Yiuf You can no longer banish your foes.
Crazy Yiuf hits you with a +4 quarterstaff of chaos!
* * * LOW HITPOINT WARNING * * *
Crazy Yiuf freezes you.
* * * LOW HITPOINT WARNING * * *
It was a potion of curing.
You feel better.
Crazy Yiuf sings, "Trees, trees, trees, circus!"
Crazy Yiuf hits you with a +4 quarterstaff of chaos.
* * * LOW HITPOINT WARNING * * *
Crazy Yiuf burns you.
* * * LOW HITPOINT WARNING * * *
Okay, then.
Okay, then.
Unknown command.
Okay, then.
You punch Crazy Yiuf!
Crazy Yiuf is almost dead.
Crazy Yiuf hits you with a +4 quarterstaff of chaos!
You die...

....##.#...#.#
######.##.##.# #
#.##.##.# ##.#######
#####...#
...)....#######
#####.......#.###
###
####.......#.g##...#
#.........####h'...#
#.###....## ###..)#
#.# ###### ### #.#
#.# ###)# #...#
#.### #.#


You could see Crazy Yiuf.

Vanquished Creatures
  Sigmund (D:2)
  3 gnolls (D:2)
  2 adders (D:2)
  A dart slug (D:1)
  3 ball pythons (D:1)
  4 endoplasms
  A giant cockroach (D:2)
  A hobgoblin (D:1)
  2 jackals (D:2)
  2 quokkas
  4 bats
  A frilled lizard (D:1)
  5 kobolds
  4 rats
34 creatures vanquished.

Notes
Turn   | Place    | Note
-------+----------+-------------------------------------------
     0 | D:1      | jlumianski the Gnoll Shapeshifter began the quest for the
                  | Orb.
     0 | D:1      | Reached XP level 1. HP: 17/17 MP: 1/1
    74 | D:1      | Reached XP level 2. HP: 20/23 MP: 2/2
   110 | D:2      | Noticed Sigmund
   134 | D:2      | Killed Sigmund
   135 | D:2      | Reached skill level 1 in Short Blades
   135 | D:2      | Reached skill level 1 in Long Blades
   135 | D:2      | Reached skill level 1 in Axes
   135 | D:2      | Reached skill level 1 in Maces & Flails
   135 | D:2      | Reached skill level 1 in Polearms
   135 | D:2      | Reached skill level 1 in Staves
   135 | D:2      | Reached skill level 1 in Ranged Weapons
   135 | D:2      | Reached skill level 1 in Throwing
   135 | D:2      | Reached skill level 1 in Armour
   135 | D:2      | Reached skill level 1 in Stealth
   135 | D:2      | Reached skill level 1 in Shields
   135 | D:2      | Reached skill level 1 in Spellcasting
   135 | D:2      | Reached skill level 1 in Conjurations
   135 | D:2      | Reached skill level 1 in Hexes
   135 | D:2      | Reached skill level 1 in Summonings
   135 | D:2      | Reached skill level 1 in Necromancy
   135 | D:2      | Reached skill level 1 in Translocations
   135 | D:2      | Reached skill level 1 in Transmutations
   135 | D:2      | Reached skill level 1 in Fire Magic
   135 | D:2      | Reached skill level 1 in Ice Magic
   135 | D:2      | Reached skill level 1 in Air Magic
   135 | D:2      | Reached skill level 1 in Earth Magic
   135 | D:2      | Reached skill level 1 in Poison Magic
   135 | D:2      | Reached skill level 1 in Invocations
   135 | D:2      | Reached skill level 1 in Evocations
   135 | D:2      | Reached XP level 3. HP: 10/29 MP: 2/5
   135 | D:2      | Reached XP level 4. HP: 12/35 MP: 2/6
   135 | D:2      | Reached XP level 5. HP: 14/41 MP: 2/7
   376 | D:2      | Found Erchocs's Distillery.
   405 | D:2      | Found a white marble altar of Elyvilon.
   560 | D:2      | Identified the ring "Odunn" {Fly rN+ Str+4}
   606 | D:2      | Reached XP level 6. HP: 19/47 MP: 8/8
   882 | D:2      | Found a runed translucent door.
   883 | D:2      | Noticed Crazy Yiuf
   887 | D:2      | Paralysed by Crazy Yiuf for 3 turns
   890 | Abyss:1  | Cast into level 1 of the Abyss (Crazy Yiuf)
   921 | Abyss:1  | Noticed a small abomination
   947 | Abyss:1  | Noticed a spatial maelstrom
   949 | Abyss:2  | Found a corrupted altar of Lugonu.
   953 | Abyss:2  | Became a worshipper of Lugonu the Unformed
   953 | Abyss:2  | Reached * piety under Lugonu
   953 | Abyss:2  | Reached ** piety under Lugonu
   954 | D:2      | Escaped the Abyss
   956 | D:2      | Mangled by Crazy Yiuf

Illustrated notes

Levels and vault maps discovered:
D:1:      amcnicky_arrival_double_pillar, layout_basic, serial_rivers,
          chequers_serial_rivers_room_a, chequers_serial_rivers_micro_b,
          chequers_serial_rivers_large_a, chequers_serial_rivers_micro_a,
          chequers_serial_rivers_micro_c, st_stairs_13
D:2:      minmay_door_path, layout_loops_ring, basic_altar, serial_shops, shop,
          uniq_sigmund, uniq_robin, uniq_crazy_yiuf_cottage

Skill      XL: |  1  2  3  4  5 |
---------------+----------------+-----
Fighting       | 3 |  3.2
Short Blades   | 1 |  1.8
Long Blades    | 1 |  1.8
Axes           | 1 |  1.8
Maces & Flails | 1 |  1.8
Polearms       | 1 |  1.8
Staves         | 1 |  1.8
Ranged Weapons | 1 |  1.8
Throwing       | 1 |  1.8
Armour         | 1 |  1.8
Stealth        | 1 |  1.8
Shields        | 1 |  1.8
Spellcasting   | 1 |  1.8
Conjurations   | 1 |  1.4
Hexes          | 1 |  1.4
Summonings     | 1 |  1.4
Necromancy     | 1 |  1.4
Translocations | 1 |  1.4
Transmutations | 1 |  1.4
Fire Magic     | 1 |  1.4
Ice Magic      | 1 |  1.4
Air Magic      | 1 |  1.4
Earth Magic    | 1 |  1.4
Poison Magic   | 1 |  1.4
Invocations    | 1 2 |  2.0
Evocations     | 1 |  1.8
Dodging        | |  4.9
Unarmed Combat | |  6.8
Shapeshifting  | |  6.7

Action                     |  1- 3 |  4- 6 || total
---------------------------+-------+-------++-------
  Melee: Unarmed           |    38 |    53 ||    91
         Bite              |     1 |     4 ||     5
         Punch             |     1 |     1 ||     2
 Invoke: Depart the Abyss  |       |     1 ||     1
    Use: Potion            |     1 |     1 ||     2
   Stab: Sleeping          |     1 |     2 ||     3
 Armour: Animal skin       |     7 |    12 ||    19
         Skin              |    16 |     1 ||    17
         Plate armour      |       |    17 ||    17
  Dodge: Dodged            |    12 |    19 ||    31

Table legend: (Time is in decaauts)
 A = Elapsed time spent in this place.
 B = Non-inter-level travel time spent in this place.
 C = Inter-level travel time spent in this place.
 D = Time resting spent in this place.
 E = Time spent auto-exploring this place.
 F = Levels seen in this place.
 G = Mean time per level.
                   A        B        C        D        E       F      G
               +--------+--------+--------+--------+--------+-----+--------+
         Total |    949 |    949 |      0 |    236 |    195 |   4 |  237.2 |
       Dungeon |    885 |    885 |      0 |    186 |    195 |   2 |  442.5 |
         Abyss |     63 |     63 |      0 |     50 |      0 |   2 |   31.5 |
               +--------+--------+--------+--------+--------+-----+--------+

Top non-repeatable levels by time:
     D:2: 569 daAuts
     D:1: 316 daAuts
 Abyss:1: 57 daAuts
 Abyss:2: 5 daAuts
